Map: Blackburn LE

Players

Stephano

  • Race: Zerg Zerg

Clem - Winner!

  • Race: Terran Terran

Event: DreamHack SC2 Masters 2021 Winter

VOD

Have the link to the VOD?

Description

Time

  • Played on: Oct. 9, 2021, 11:53 a.m.
  • Length: 12:43

All games in this series

Show
View Real Time Build Order
Export as new Build Order

Stephano Zerg 

Build Orders: Hatch First 

Get SALT Encoding   

  12  0:00  Drone  
  13  0:12  Overlord  
  13  0:17  Drone  
  14  0:30  Drone x2  
  16  0:48  Hatchery  
  15  0:51  Drone  
  15  0:54  Drone  
  17  0:57  Drone  
  18  1:08  Extractor  
  17  1:13  Spawning Pool  
  17  1:16  Drone  
  17  1:20  Drone  
  18  1:27  Drone  
  19  1:38  Drone  
  20  1:49  Drone  
  21  1:59  Queen x2  
  21  2:01  Zergling x4  
  27  2:10  Drone  
  27  2:11  Overlord  
  28  2:21  Hatchery  
  27  2:23  Drone  
  28  2:31  Spore Crawler  
  28  2:32  Drone  
  28  2:35  Drone x2  
  30  2:39  Queen  
  33  2:45  Overlord  
  33  2:48  Drone  
  34  2:54  Drone  
  34  2:57  Metabolic Boost  
  35  2:59  Drone  
  36  3:10  Drone  
  37  3:13  Drone  
  37  3:16  Drone x4  
  42  3:25  Queen  
  44  3:33  Drone, Queen  
  47  3:34  Queen  
  47  3:35  Overlord  
  47  3:40  Drone  
  50  3:49  Overlord  
  49  4:03  Zergling x6  
  49  4:05  Drone x2  
  49  4:07  Drone x2  
  49  4:09  Drone x2  
  57  4:12  Drone x2  
  57  4:14  Drone x3  
  59  4:18  Drone x3  
  59  4:23  Lair, Extractor  
  59  4:24  Drone, Extractor  
  61  4:27  Drone  
  61  4:30  Evolution Chamber  
  61  4:32  Evolution Chamber  
  61  4:33  Drone  
  61  4:35  Roach Warren  
  61  4:37  Drone x2  
  62  4:40  Drone  
  63  4:46  Overlord  
  63  4:49  Drone x3  
  63  4:50  Overlord  
  66  4:55  Drone, Spore Crawler  
  66  4:58  Zerg Ground Armor Level 1  
  66  5:04  Queen  
  68  5:09  Drone x7  
  68  5:12  Zerg Missile Weapons Level 1  
  75  5:16  Overlord  
  75  5:18  Extractor  
  75  5:19  Drone x2, Extractor  
  76  5:21  Overlord  
  76  5:25  Glial Reconstitution  
  76  5:27  Extractor, Overlord  
  75  5:32  Overlord  
  75  5:36  Roach x3  
  75  5:37  Spore Crawler  
  75  5:39  Roach  
  75  5:41  Roach x2  
  86  5:47  Roach x3  
  92  5:53  Overlord  
  92  5:55  Overlord  
  92  5:56  Overlord x2  
  97  6:04  Roach x3  
  97  6:10  Roach x4  
  105  6:14  Overlord  
  105  6:17  Overseer  
  105  6:18  Overlord  
  105  6:24  Overlord x2  
  105  6:26  Ravager x2  
  105  6:27  Roach x2  
  105  6:30  Ravager  
  112  6:35  Roach x3  
  116  6:41  Roach x3  
  116  6:42  Ravager x2  
  116  6:43  Ravager  
  125  6:48  Roach x3  
  127  7:10  Roach  
  127  7:11  Roach x8  
  131  7:18  Overseer  
  131  7:20  Roach x2  
  130  7:23  Ravager x3  
  130  7:25  Roach  
  130  7:33  Overseer  
  130  7:36  Roach x3  
  132  7:40  Roach x2  
  125  7:50  Roach x3  
  132  7:51  Ravager x3  
  132  7:52  Ravager  
  132  7:56  Overseer  
  135  7:58  Ravager  
  135  8:00  Queen x2  
  135  8:01  Roach x2  
  144  8:12  Hatchery  
  141  8:14  Roach x4  
  141  8:18  Roach  
  147  8:27  Zerg Ground Armor Level 2  
  147  8:29  Drone x3, Queen  
  152  8:39  Roach x3  
  150  8:48  Roach x3  
  130  8:55  Zerg Missile Weapons Level 2  
  130  9:04  Roach x5  
  140  9:12  Drone, Hydralisk Den  
  140  9:22  Roach x3  
  142  9:40  Roach  
  142  9:41  Roach x7  
  144  9:56  Muscular Augments  
  144  9:57  Drone x10  
  150  10:07  Overlord  
  150  10:08  Overlord  
  150  10:09  Overlord x3  
  150  10:14  Infestation Pit, Spore Crawler  
  149  10:15  Overlord  
  147  10:31  Hydralisk x14  
  174  10:42  Hydralisk x4  
  177  10:53  Hydralisk x4  
  174  10:58  Drone x5  
  177  11:04  Hydralisk x2  
  177  11:07  Grooved Spines  
  177  11:10  Overlord  
  181  11:14  Hive  
  179  11:19  Hydralisk x2  
  148  11:26  Zergling x10  
  148  11:32  Roach x3  
  128  11:35  Roach  
  128  11:37  Roach  
  133  11:40  Ravager x6  
  133  11:41  Ravager  
  133  11:43  Roach x2  
  126  11:55  Hydralisk x3  
  112  12:04  Hydralisk x3  
  108  12:14  Ravager x2  
  108  12:15  Ravager, Zergling x2  
  109  12:16  Zergling x12  
Show
View Real Time Build Order
Export as new Build Order

Clem Terran - Winner!

Build Orders: Reaper Expand 

Get SALT Encoding   

  12  0:00  SCV  
  13  0:12  SCV  
  14  0:17  Supply Depot  
  14  0:24  SCV  
  15  0:38  SCV  
  15  0:39  Barracks  
  16  0:43  Refinery  
  16  0:50  SCV  
  17  1:03  SCV  
  18  1:15  SCV  
  19  1:27  Reaper, Orbital Command  
  20  1:39  Command Center  
  20  1:48  Supply Depot  
  20  1:53  SCV  
  21  1:59  Marine  
  22  2:05  SCV  
  23  2:11  Factory  
  23  2:17  SCV  
  23  2:20  Barracks Reactor  
  24  2:29  SCV  
  25  2:39  Command Center  
  25  2:43  SCV  
  26  2:51  Orbital Command  
  26  2:55  SCV  
  27  3:01  Barracks Tech Lab  
  27  3:04  Barracks  
  27  3:07  SCV  
  30  3:12  Hellion  
  30  3:17  Hellion  
  30  3:18  SCV  
  33  3:21  SCV  
  33  3:23  Marine  
  33  3:25  Stimpack  
  35  3:30  Refinery  
  35  3:31  SCV  
  35  3:33  SCV  
  37  3:41  Marine  
  38  3:43  SCV  
  38  3:45  SCV  
  40  3:54  Orbital Command  
  40  3:56  SCV, Factory Reactor  
  40  3:57  SCV  
  40  4:02  Starport, Marine x2  
  44  4:06  Marine  
  44  4:08  SCV  
  44  4:09  SCV  
  42  4:18  Supply Depot  
  42  4:19  SCV, Marine x2  
  42  4:20  SCV  
  42  4:21  SCV  
  42  4:24  Marine  
  48  4:29  Supply Depot  
  48  4:31  SCV  
  48  4:34  SCV x2  
  48  4:37  Marine x2  
  48  4:38  Factory Tech Lab  
  53  4:40  Barracks  
  53  4:41  Supply Depot, Marine  
  53  4:45  Medivac x2, Refinery  
  56  4:47  SCV  
  56  4:50  SCV  
  56  4:51  Supply Depot  
  60  4:54  Orbital Command  
  60  4:55  Marine x2  
  60  4:56  Refinery  
  60  4:59  SCV  
  63  5:03  Siege Tank  
  63  5:04  Supply Depot  
  63  5:05  SCV  
  67  5:07  Marine  
  67  5:11  SCV  
  67  5:13  Engineering Bay  
  69  5:14  Engineering Bay  
  69  5:18  SCV, Marine  
  69  5:19  Marine  
  69  5:20  SCV  
  73  5:24  SCV  
  74  5:31  SCV  
  74  5:32  Combat Shield  
  74  5:33  Marine  
  76  5:37  Marine  
  76  5:39  SCV, Barracks Reactor  
  76  5:40  SCV  
  76  5:42  Terran Infantry Weapons Level 1, Terran Infantry Armor Level 1  
  79  5:43  SCV  
  79  5:46  Barracks x2  
  79  5:47  Marine  
  81  5:51  SCV  
  81  5:52  SCV  
  81  5:53  Supply Depot  
  83  5:59  Supply Depot  
  83  6:04  Marine x2  
  84  6:05  Siege Tank  
  84  6:09  SCV  
  89  6:12  Supply Depot  
  89  6:13  Marine  
  89  6:15  Supply Depot, SCV, Marine x2  
  89  6:16  Factory  
  93  6:19  Medivac  
  93  6:21  Marine  
  93  6:22  Supply Depot, Marine  
  93  6:25  Medivac  
  99  6:28  Supply Depot  
  99  6:30  Marine  
  99  6:31  SCV x3  
  103  6:36  Barracks Tech Lab, Barracks Reactor, Marine  
  103  6:41  Siege Tank  
  103  6:44  Bunker  
  103  6:47  Marine  
  107  6:48  Marine x2  
  107  6:51  Supply Depot  
  109  6:55  Armory  
  109  6:59  Marauder  
  108  7:05  Marine x3  
  108  7:06  Marauder, Marine  
  108  7:07  SCV x2  
  108  7:08  SCV  
  113  7:13  Marine  
  102  7:17  Marine  
  102  7:19  SCV, Marine  
  102  7:20  SCV  
  88  7:23  Marine x2  
  88  7:24  Medivac  
  88  7:25  Marine  
  88  7:26  Marine  
  92  7:30  Marine x2  
  92  7:31  SCV  
  92  7:32  SCV  
  92  7:35  Marine  
  92  7:38  Orbital Command  
  92  7:39  Medivac  
  92  7:40  Marine x2  
  92  7:42  Marine  
  92  7:43  SCV  
  88  7:46  Factory Tech Lab  
  88  7:47  Marine x2  
  88  7:50  SCV  
  91  7:54  Siege Tank  
  91  7:58  Marauder, Marine  
  96  8:01  Marauder  
  99  8:07  Siege Tank, Marine  
  99  8:08  Marine  
  99  8:10  Marine  
  99  8:11  Marine  
  103  8:17  Marine x2  
  103  8:18  SCV  
  103  8:19  Marine  
  100  8:22  Marine  
  100  8:25  Marine  
  100  8:26  Marine  
  97  8:28  Terran Infantry Weapons Level 2  
  97  8:30  Marine x2  
  97  8:33  Siege Tank  
  102  8:36  SCV x2, Marine  
  102  8:39  Marine  
  101  8:44  Medivac  
  101  8:46  Marine x2  
  101  8:48  Marine  
  100  8:49  Marine x2  
  100  8:50  Marine  
  100  8:54  Marine  
  100  8:55  Siege Tank  
  108  8:57  Marine  
  108  9:02  Medivac  
  110  9:03  Orbital Command  
  110  9:04  Marine x2  
  110  9:06  Marine  
  110  9:07  Siege Tank  
  116  9:11  Marine  
  116  9:13  Supply Depot, Marine  
  118  9:17  Marauder  
  118  9:19  Marauder  
  118  9:23  Marine x2  
  124  9:26  SCV  
  125  9:31  SCV  
  125  9:32  Siege Tank  
  125  9:35  Marine  
  126  9:41  Siege Tank  
  126  9:42  Marine x3  
  127  9:45  Marine  
  127  9:50  SCV x2  
  127  9:51  SCV, Marine  
  132  9:54  Marine x2  
  133  10:00  Supply Depot, Marine  
  133  10:01  Marine  
  133  10:02  SCV  
  133  10:06  Marine x3  
  139  10:11  Supply Depot, Terran Infantry Armor Level 2  
  139  10:13  Marine  
  140  10:17  Marine  
  141  10:21  Siege Tank, Marine  
  141  10:22  Marine  
  141  10:23  Marine  
  141  10:25  Siege Tank  
  149  10:32  Supply Depot  
  149  10:33  SCV  
  149  10:35  SCV  
  150  10:36  Marine  
  150  10:37  Marine  
  150  10:39  Marine  
  150  10:42  Supply Depot  
  150  10:54  Siege Tank  
  150  10:55  Medivac  
  151  10:57  Siege Tank  
  151  11:04  Command Center  
  151  11:05  Marine  
  151  11:09  Supply Depot  
  151  11:10  Marine  
  152  11:12  Marine  
  151  11:18  Marine  
  151  11:19  Marine x2  
  151  11:23  Marine x2  
  151  11:24  Marine  
  152  11:26  Siege Tank  
  152  11:27  Marine  
  152  11:30  Medivac, Marine  
  147  11:36  Marine x2  
  147  11:37  Supply Depot  
  149  11:40  Siege Tank  
  151  11:47  Marauder  
  151  11:48  Ghost Academy  
  151  11:49  Marine  
  146  11:55  Marine x2  
  146  11:58  Siege Tank  
  146  11:59  Marine  
  146  12:01  Marine x2  
  147  12:02  Marine  
  147  12:06  Marine  
  140  12:09  Marauder  
  145  12:15  Marine x2  
  145  12:19  Marine  

Tags
 
Add a new tag
Caveats
  • Supply blocks, unpowered buildings, or Contaminate may cause inaccurate times.
  • Supply counts are checked every 10 seconds.